 Dungeon Crawl Stone Soup version 0.19.0-20-gbc5f0c6 (webtiles) character file.

341276 Charly the Executioner (level 20, -9/232 HPs)
             Began as a Deep Dwarf Gladiator on Nov 16, 2016.
             Was the Champion of Makhleb.
             Killed from afar by an orb of fire (13 damage)
             ... with a fireball
             ... on level 1 of the Realm of Zot.
             The game lasted 02:04:01 (11490 turns).

Charly the Executioner (Deep Dwarf Gladiator)      Turns: 11490, Time: 02:04:02

Health: -9/232     AC: 36    Str: 26    XL:     20   Next: 71%
Magic:  29/29      EV: 17    Int: 12    God:    Makhleb [******]
Gold:   259        SH:  5    Dex: 15    Spells: 0 memorised, 19 levels left

rFire  + . .     SeeInvis .     a - +7 executioner's axe of Pain and Death {freeze, rC+ Int+3}
rCold  + . .     Gourm    .     t - +4 plate armour {rF+}
rNeg   + + +     Faith    .     (shield currently unavailable)
rPois  +         Spirit   .     F - +1 helmet
rElec  .         Reflect  +     V - +2 ratskin cloak {rPois rN+ Int-1 Dex-1}
rCorr  .         Harm     .     J - +2 pair of gloves {Str+3}
MR     ++++.                    D - +0 pair of boots of Unest {rPois Str-2 Stlth+}
Stlth  ..........               k - +5 amulet of reflection
                                m - ring of Juosuz {rN++ MR+ MP+9 Dex-2}
                                M - +3 ring of protection

@: berserking (expiring), about to teleport, very slightly contaminated,
non-regenerating, hasted, very quick
A: damage resistance, recharge devices, blink, frail 2, negative energy
resistance 1, sense surroundings 3, slow regeneration 3, weak 1
a: Device Recharging, Blink, Minor Destruction, Lesser Servant of Makhleb, Major
Destruction, Greater Servant of Makhleb, Renounce Religion
}: 3/15 runes: serpentine, barnacled, silver


You were on level 1 of the Realm of Zot.
You worshipped Makhleb.
Makhleb was exalted by your worship.
You were not hungry.

You visited 8 branches of the dungeon, and saw 42 of its levels.
You also visited: Labyrinth and Volcano.

You collected 2967 gold pieces.
You spent 2708 gold pieces at shops.

Inventory:

Hand Weapons
 a - the +7 executioner's axe of Pain and Death (weapon) {freeze, rC+ Int+3}
   (You acquired it on level 2 of the Snake Pit)

   It has been specially enchanted to freeze those struck by it, causing extra
   injury to most foes and up to half again as much damage against particularly
   susceptible opponents.
   It can also slow down cold-blooded creatures.
   It affects your intelligence (+3).
   It protects you from cold.
 I - a +5 battleaxe of draining
Missiles
 Q - 4 throwing nets (quivered)
Armour
 t - a +4 plate armour of fire resistance (worn)
 x - the +9 plate armour of Dishonesty {Int+7}
   (You took it off a minotaur in a labyrinth)

   It affects your intelligence (+7).
 D - the +0 pair of boots of Unest (worn) {rPois Str-2 Stlth+}
   (You found it in a volcano)

   It affects your strength (-2).
   It protects you from poison.
   It makes you more stealthy.
 F - a +1 helmet (worn)
 J - a +2 pair of gloves of strength (worn)
 V - the +2 ratskin cloak (worn) {rPois rN+ Int-1 Dex-1}
   (You found it on level 5 of the Vaults)

   It affects your intelligence (-1).
   It affects your dexterity (-1).
   It protects you from poison.
   It protects you from negative energy.
Rods
 b - a +7 iron rod (11/11)
   (You took it off a minotaur in a labyrinth)
 c - a +5 rod of inaccuracy (9/9)
   (You took it off a tengu reaver on level 5 of the Vaults)
 w - a +1 rod of ignition (14/14)
   (You found it in a labyrinth)
Jewellery
 k - a +5 amulet of reflection (around neck)
 m - the ring of Juosuz (right hand) {rN++ MR+ MP+9 Dex-2}
   (You took it off a vault warden on level 5 of the Vaults)

   [ring of magical power]

   It affects your dexterity (-2).
   It greatly protects you from negative energy.
   It affects your resistance to hostile enchantments.
   It affects your magic capacity (+9).
 p - an uncursed ring of poison resistance
 M - a +3 ring of protection (left hand)
Wands
 d - a wand of disintegration (0/24)
 e - a wand of heal wounds (2/9)
 l - a wand of iceblast (5/15)
 A - a wand of teleportation (3/9)
 B - a wand of lightning (9/15)
 N - a wand of confusion (7/48)
 P - a wand of acid (0/15)
 X - a wand of hasting (4/9)
Scrolls
 o - a scroll of blinking
 y - 4 scrolls of remove curse
 L - 3 scrolls of fog
 S - a scroll of magic mapping
 T - 2 scrolls of fear
 U - 4 scrolls of enchant weapon
Potions
 g - a potion of agility
 i - 6 potions of curing
 j - a potion of lignification
 q - 2 potions of mutation
 r - a potion of ambrosia
 s - 2 potions of brilliance
 u - a potion of might
 z - 2 potions of cancellation
 C - a potion of magic
 G - a potion of degeneration {unknown}
 H - a potion of invisibility {unknown}
 K - a potion of haste
 R - 2 potions of resistance
 W - 5 potions of flight
Miscellaneous
 O - a lamp of fire
 Y - 2 boxes of beasts
 Z - a fan of gales
Comestibles
 f - 16 bread rations
 h - 6 meat rations


   Skills:
 + Level 15.0 Fighting
 + Level 24.8 Axes
 - Level 1.7 Throwing
 + Level 16.6 Armour
 + Level 15.5 Dodging
 - Level 3.3 Invocations
 - Level 14.2 Evocations


You had 19 spell levels left.
You didn't know any spells.

Dungeon Overview and Level Annotations

Branches:
Dungeon (15/15)              Lair (6/6) D:10         Shoals (4/4) Lair:3
  Snake (4/4) Lair:3          Orc (2/2) D:10            Elf (0/3) Orc:2
 Vaults (5/5) D:13         Depths (5/5) D:15            Zot (1/5) Depths:5
 Temple: D:4-7        Slime: Lair:5-6     Crypt: Vaults:2-3

Altars:
Dithmenos
Gozag
Makhleb
Qazlal
Xom

Shops:
D:14 *   Orc:2 !}(}?:*[   Snake:2 (   Vaults:1 *[*   Vaults:5 *   Depths:3 *

Portals:
Abyss: Depths:4

Annotations:
D:9 1 runed door
Shoals:1 exclusion: Roxanne, Kirke, Roxanne
Shoals:3 exclusion: oklob plant
Vaults:3 Sapher's ghost, adept DDGl


Innate Abilities, Weirdness & Mutations

You are resistant to damage.
You can recharge devices by infusing magical energy.
You resist negative energy. (rN+)
You passively map a large area around you.
You do not regenerate.
You can translocate small distances at will.
You are very frail. (-20% HP)
You are weak. (Str -2)


Message History

You closely miss the orb of fire.
The orb of fire is lightly damaged.
Unknown command.
Unknown command.
You slice the orb of fire!!
The orb of fire is moderately damaged.
Unknown command.
Unknown command.
You hit the orb of fire but do no damage.
The orb of fire is moderately damaged.
The orb of fire glows bright magenta.
The bolt of fire hits you! You resist.
* * * LOW HITPOINT WARNING * * *
Unknown command.
Unknown command.
You slash the orb of fire! You freeze the orb of fire.
The orb of fire is moderately damaged.
The orb of fire glows yellow.
The fireball explodes!
The fireball engulfs you! You resist.
You die...

. ##..#≈§§≈≈≈≈ , ≈ ≈≈ ,
#..#≈≈≈≈§≈.. , ,≈≈§≈≈ ,.#
####..#≈≈≈≈...., ≈≈§## .##
.#....≈≈≈....## * #≈≈§##..##
......≈≈....## , #§§≈##...##
...#..≈§§..##,,,#####,#.≈§.......
..###§§.§.##.. ##...###..§§......
..# #≈≈..##>..E#......'.§≈≈..# ..
.## #≈≈.##>...E*@....y'.§§...# ..
.# #§§..##>..R#......'.§§§§.##..
.## #§§...##.. ##...###..§§§)#...
..# #§§≈...## #####,#.§§§§..†..
..###.§≈§...## ,, #.§≈.......
...##.≈§§....##########≈≈≈.#)..#.
.......≈≈≈§.§.§.......≈≈≈###..##
.#....#§§§§§§.......≈≈≈≈≈# #))#
.###..##§§≈§§≈≈...≈§≈≈§≈# ##.##


You could see an orb of fire, a moth of wrath, an efreet and 2 fire elementals.

Vanquished Creatures
  An orb of fire (Zot:1)
  Bai Suzhen (Vaults:2)
  Saint Roka (Vaults:3)
  A bone dragon (Depths:5)
  the Enchantress (Depths:4)
  2 liches
  6 tentacled monstrosities
  3 titans (Vaults:5)
  2 quicksilver dragons (Vaults:5)
  3 sphinxes
  A death cob (Zot:1)
  4 shadow dragons (Vaults:5)
  3 storm dragons
  A draconian monk (Zot:1)
  8 nagarajas (Snake:4)
  8 tengu reavers
  Ilsuiw (Shoals:4)
  4 fire giants
  6 frost giants
  Aizul (Snake:3)
  2 iron dragons (Vaults:5)
  3 draconian zealots
  11 vault wardens
  3 spriggan defenders (Depths:4)
  12 ironheart preservers
  A draconian annihilator (Zot:1)
  6 stone giants
  A draconian shifter (Zot:1)
  4 very ugly things
  A war gargoyle (Vaults:5)
  2 entropy weavers
  2 green draconians
  Nessos (Lair:5)
  A black draconian (Zot:1)
  A dire elephant (shapeshifter) (Vaults:5)
  A yellow draconian (Depths:5)
  2 purple draconians (Depths:5)
  6 merfolk javelineers (Shoals:4)
  4 mottled draconians
  4 red draconians
  5 ettins
  Snorg (Lair:3)
  A minotaur (Lab)
  8 ogre magi
  11 yaktaur captains
  6 merfolk impalers
  A deep elf death mage (Vaults:1)
  4 fire dragons
  2 great orbs of eyes
  2 deep elf high priests (Vaults:5)
  A rakshasa (Depths:1)
  29 vault guards
  A hydra (D:11)
  8 naga warriors
  5 spriggan air magi
  3 ice dragons
  A death knight (Vaults:5)
  12 anacondas
  3 merfolk aquamancers
  6 centaur warriors
  2 dancing weapons (D:13)
  7 tengu warriors
  2 satyrs (Shoals:4)
  An orc high priest (Orc:2)
  A deep troll earth mage (Depths:1)
  7 shock serpents
  10 naga sharpshooters
  2 spriggan berserkers (Depths:4)
  2 deep elf knights (Vaults:1)
  5 salamander mystics
  A skeletal warrior (Volcano)
  An iron troll (Orc:2)
  2 sea snakes (Shoals:1)
  2 flayed ghosts
  6 deep trolls
  2 unseen horrors
  8 ironbrand convokers
  A wizard (Depths:4)
  2 hill giants (shapeshifter)
  6 hill giants
  6 harpies
  10 naga ritualists
  An anaconda skeleton (Volcano)
  A necromancer (Vaults:5)
  4 phantasmal warriors (Vaults:5)
  6 orc knights
  3 wolf spiders
  4 mana vipers
  4 manticores
  5 cyclopes
  14 ugly things
  A frost giant zombie (Vaults:5)
  7 deep elf magi
  8 salamanders
  Maurice (Orc:1)
  6 fauns
  4 moths of wrath (Zot:1)
  A siren (Shoals:1)
  7 guardian serpents
  10 vault sentinels
  24 black mambas
  3 gargoyles (Volcano)
  5 spiny frogs
  7 naga magi
  10 elephants
  19 yaktaurs
  4 komodo dragons
  6 freezing wraiths
  8 trolls
  A jumping spider (shapeshifter) (Vaults:1)
  A troll (shapeshifter) (Vaults:2)
  8 merfolk
  A wind drake (shapeshifter) (Vaults:5)
  A tengu conjurer (D:13)
  A wolf spider simulacrum (D:15)
  A shadow dragon simulacrum (Vaults:5)
  3 blink frogs (Lair:1)
  18 two-headed ogres
  A sphinx simulacrum (Vaults:1)
  3 hornets
  4 dream sheep (Lair:6)
  7 slime creatures
  4 hippogriffs
  3 wind drakes
  3 snapping turtles
  3 spriggans
  2 flying skulls (Volcano)
  7 redbacks
  3 air elementals (Depths:4)
  32 yaks
  An alligator skeleton (Volcano)
  2 wyverns
  2 wraiths
  5 water elementals
  17 fire elementals (Zot:1)
  4 hogs (Shoals:1)
  A basilisk (Lair:2)
  6 wargs
  9 water moccasins
  31 nagas
  A porcupine (Lair:2)
  An ice beast (D:5)
  An ettin simulacrum (Vaults:5)
  18 orc warriors
  A phantom (D:4)
  A sky beast (D:12)
  9 centaurs
  A wolf (Lair:2)
  8 boggarts (Vaults:1)
  A boggart (shapeshifter) (Vaults:5)
  2 necrophages (D:14)
  47 ogres
  A big kobold (D:13)
  5 crocodiles
  12 bullfrogs
  2 wyvern skeletons
  A scorpion (D:8)
  11 killer bees
  A troll skeleton (Volcano)
  2 electric eels (Lair:2)
  2 crimson imps (D:10)
  A quasit (D:14)
  6 hounds
  7 orc priests
  A bullfrog skeleton (D:10)
  2 centaur zombies
  2 iguanas
  5 worker ants
  17 orc wizards
  A naga skeleton (Volcano)
  6 adders
  A howler monkey skeleton (D:5)
  2 shadow imps
  An adder skeleton (D:7)
  A worm (D:3)
  A worm (shapeshifter) (Vaults:5)
  3 leopard geckos
  57 orcs
  A ball python (Snake:1)
  A giant cockroach (D:2)
  2 hobgoblins
  4 jackals (D:11)
  3 kobolds
  2 quokkas (D:6)
  4 goblins
  4 fungi
  14 plants
957 creatures vanquished.

Vanquished Creatures (collateral kills)
  A skeletal warrior (Volcano)
  A torpor snail (Lair:6)
  A blink frog (Lair:1)
3 creatures vanquished.

Vanquished Creatures (others)
  An ironheart preserver (Vaults:1)
  A naga warrior (Snake:4)
  A harpy (Vaults:2)
  A naga mage (Snake:4)
  2 yaktaurs
  A sky beast (D:9)
  An ogre (Vaults:1)
  2 fungi (Lair:6)
  11 plants
21 creatures vanquished.

Grand Total: 981 creatures vanquished

Notes
Turn   | Place    | Note
-------+----------+-------------------------------------------
     0 | D:1      | Charly the Deep Dwarf Gladiator began the quest for the Orb.
     0 | D:1      | Reached XP level 1. HP: 19/19 MP: 1/1
   210 | D:3      | Reached XP level 2. HP: 21/26 MP: 2/2
   214 | D:3      | Reached skill level 4 in Axes
   398 | D:4      | Reached skill level 5 in Axes
   398 | D:4      | Reached XP level 3. HP: 30/32 MP: 3/3
   455 | D:4      | Reached XP level 4. HP: 37/39 MP: 4/4
   494 | D:4      | Found a shadowy altar of Dithmenos.
   494 | D:4      | Noticed a phantom
   562 | D:4      | Killed a phantom
   562 | D:4      | Reached skill level 6 in Axes
   562 | D:4      | Reached XP level 5. HP: 30/45 MP: 5/5
   650 | D:5      | Entered Level 5 of the Dungeon
   658 | D:5      | Reached skill level 7 in Axes
   684 | D:5      | Noticed an ice beast
   706 | D:5      | Killed an ice beast
   706 | D:5      | Reached XP level 6. HP: 25/52 MP: 6/6
   807 | D:7      | Reached skill level 8 in Axes
   993 | D:6      | Found a burning altar of Makhleb.
   997 | D:6      | Became a worshipper of Makhleb the Destroyer
  1105 | D:8      | Reached XP level 7. HP: 29/61 MP: 7/7
  1127 | D:8      | Reached skill level 9 in Axes
  1172 | D:8      | Noticed a hippogriff
  1188 | D:8      | Killed a hippogriff
  1188 | D:8      | Reached XP level 8. HP: 33/72 MP: 8/8
  1227 | D:9      | Found a runed door.
  1227 | D:9      | Noticed a sixfirhy
  1229 | D:9      | Reached skill level 10 in Axes
  1343 | D:9      | Reached * piety under Makhleb
  1343 | D:9      | Reached skill level 11 in Axes
  1357 | D:9      | Reached skill level 5 in Fighting
  1371 | D:9      | Gained mutation: You passively map the area around you. [Deep Dwarf growth]
  1371 | D:9      | Reached XP level 9. HP: 53/81 MP: 8/8
  1488 | D:10     | Entered Level 10 of the Dungeon
  1539 | D:10     | Reached skill level 12 in Axes
  1545 | D:9      | Found a stormy altar of Qazlal.
  1565 | D:10     | Found a staircase to the Orcish Mines.
  1669 | D:10     | Reached ** piety under Makhleb
  1669 | D:10     | Reached skill level 13 in Axes
  1730 | D:10     | Reached skill level 1 in Armour
  1732 | Orc:1    | Entered Level 1 of the Orcish Mines
  1732 | Orc:1    | Noticed an orc knight
  1734 | Orc:1    | Noticed a troll
  1785 | D:11     | Noticed a hill giant
  1788 | D:11     | Noticed a seven-headed hydra
  1789 | D:11     | Noticed a wizard
  1824 | D:10     | Killed a hill giant
  1824 | D:10     | Reached XP level 10. HP: 56/92 MP: 6/6
  1883 | D:11     | Noticed a hill giant
  1883 | D:11     | Paralysed by a hornet for 1 turns
  2012 | D:11     | Reached skill level 5 in Armour
  2024 | D:11     | Reached *** piety under Makhleb
  2024 | D:11     | Reached skill level 5 in Dodging
  2074 | D:11     | Reached skill level 14 in Axes
  2074 | D:11     | Reached skill level 1 in Invocations
  2081 | D:11     | Killed an unseen horror
  2348 | D:10     | Found a staircase to the Lair.
  2358 | Lair:1   | Entered Level 1 of the Lair of Beasts
  2386 | Lair:1   | Noticed a spiny frog
  2394 | Lair:1   | Reached XP level 11. HP: 98/100 MP: 7/7
  2659 | Lair:3   | Noticed Snorg
  2698 | Lair:3   | Found a staircase to the Snake Pit.
  2742 | Lair:5   | Noticed Nessos
  2794 | Lair:5   | Killed Nessos
  2794 | Lair:5   | Reached skill level 15 in Axes
  2900 | Lair:6   | Entered Level 6 of the Lair of Beasts
  2941 | Lair:6   | Noticed a six-headed hydra
  3004 | Lair:6   | Found a dark tunnel.
  3083 | Volcano  | Entered a volcano
  3118 | Volcano  | Reached XP level 12. HP: 102/112 MP: 7/7
  3213 | Volcano  | Got a pair of heavily runed boots
  3219 | Volcano  | Identified the cursed +0 pair of boots of Unest {rPois Str-2 Stlth+} (You found it in a volcano)
  3349 | Lair:6   | Reached **** piety under Makhleb
  3640 | Lair:3   | Reached skill level 16 in Axes
  3848 | Lair:3   | Killed Snorg
  4234 | Lair:3   | Found a staircase to the Shoals.
  4393 | D:11     | Killed a three-headed hydra
  4515 | D:14     | Found Lisisiet's General Store.
  4524 | D:14     | Reached XP level 13. HP: 121/121 MP: 8/8
  4529 | D:14     | Bought a potion of might for 72 gold pieces
  4597 | D:15     | Entered Level 15 of the Dungeon
  4607 | D:15     | Found a labyrinth entrance.
  4616 | D:15     | Reached skill level 10 in Armour
  4622 | Lab      | Entered a labyrinth
  4824 | Lab      | Noticed a minotaur
  4842 | Lab      | Killed a minotaur
  4844 | Lab      | Got a fine plate armour
  4886 | Lab      | Identified the +9 plate armour of Dishonesty {Int+7} (You took it off a minotaur in a labyrinth)
  4887 | Lab      | Identified a +1 rod of ignition (14/14) (You found it in a labyrinth)
  4943 | D:13     | Reached skill level 1 in Evocations
  5068 | Orc:1    | Reached skill level 17 in Axes
  5070 | Orc:1    | Reached ***** piety under Makhleb
  5077 | Orc:1    | Noticed Maurice
  5089 | Orc:1    | Killed Maurice
  5113 | Orc:2    | Entered Level 2 of the Orcish Mines
  5114 | Orc:2    | Found Amemn's Distillery.
  5180 | Orc:2    | Found Hinaesh's Gadget Boutique.
  5182 | Orc:2    | Found Kufreow's Weapon Emporium.
  5216 | Orc:2    | Reached skill level 10 in Fighting
  5230 | Orc:2    | Found Neoseosm's Gadget Shoppe.
  5283 | Orc:2    | Found Igusuaf's Antique Armour Boutique.
  5291 | Orc:2    | Found a staircase to the Elven Halls.
  5431 | Orc:2    | Found Gurrekal's Book Shop.
  5446 | Orc:2    | Reached skill level 5 in Evocations
  5456 | Orc:2    | Found Jopudoku's General Store.
  5457 | Orc:2    | Found Fix Hivy's Magic Scroll Boutique.
  5498 | Orc:2    | Bought a potion of agility for 56 gold pieces
  5503 | Orc:2    | Bought a scroll of enchant weapon for 112 gold pieces
  5503 | Orc:2    | Bought a scroll of enchant weapon for 112 gold pieces
  5558 | Orc:2    | Bought 2 potions of heal wounds for 150 gold pieces
  5558 | Orc:2    | Bought a potion of curing for 45 gold pieces
  5558 | Orc:2    | Bought a potion of ambrosia for 120 gold pieces
  5558 | Orc:2    | Bought a potion of heal wounds for 75 gold pieces
  5558 | Orc:2    | Bought a potion of curing for 45 gold pieces
  5683 | Snake:1  | Entered Level 1 of the Snake Pit
  5692 | Snake:1  | Found a shimmering altar of Xom.
  5805 | Snake:2  | Found Ineitekk's Antique Weapon Shoppe.
  5816 | Snake:2  | Gained mutation: You resist negative energy. (rN+) [Deep Dwarf growth]
  5816 | Snake:2  | Reached XP level 14. HP: 133/133 MP: 7/10
  5848 | Snake:2  | Reached skill level 18 in Axes
  5852 | Snake:2  | Identified a scroll of acquirement
  5853 | Snake:2  | Got a transparent executioner's axe
  5854 | Snake:2  | Identified the +7 executioner's axe of Pain and Death {freeze, rC+ Int+3} (You acquired it on level 2 of the Snake Pit)
  5895 | Snake:1  | Reached ****** piety under Makhleb
  5974 | Snake:3  | Reached skill level 19 in Axes
  6095 | Snake:4  | Entered Level 4 of the Snake Pit
  6131 | Snake:3  | Noticed Aizul
  6152 | Snake:3  | Killed Aizul
  6152 | Snake:3  | Reached skill level 20 in Axes
  6305 | Snake:4  | Reached XP level 15. HP: 140/140 MP: 11/11
  6309 | Snake:4  | Noticed a nagaraja
  6309 | Snake:4  | Noticed a nagaraja
  6311 | Snake:4  | Noticed a nagaraja
  6314 | Snake:4  | Noticed a nagaraja
  6405 | Snake:4  | Killed a nagaraja
  6407 | Snake:4  | Reached skill level 21 in Axes
  6408 | Snake:4  | Noticed a nagaraja
  6421 | Snake:4  | Killed a nagaraja
  6431 | Snake:4  | Killed a nagaraja
  6438 | Snake:4  | Noticed a nagaraja
  6449 | Snake:4  | Killed a nagaraja
  6455 | Snake:4  | Killed a nagaraja
  6476 | Snake:4  | Noticed a nagaraja
  6477 | Snake:4  | Reached skill level 22 in Axes
  6478 | Snake:4  | Killed a nagaraja
  6484 | Snake:4  | Killed a nagaraja
  6497 | Snake:4  | Noticed a nagaraja
  6501 | Snake:4  | Killed a nagaraja
  6534 | Snake:4  | Got a serpentine rune of Zot
  6696 | Shoals:1 | Entered Level 1 of the Shoals
  6801 | Shoals:1 | Noticed Roxanne
  6856 | Shoals:1 | Noticed Kirke
  7076 | Shoals:2 | Reached XP level 16. HP: 148/148 MP: 12/12
  7171 | Shoals:3 | Got a faintly glowing ring mail
  7174 | Shoals:4 | Entered Level 4 of the Shoals
  7241 | Shoals:4 | Noticed Ilsuiw
  7290 | Shoals:4 | Killed Ilsuiw
  7435 | Shoals:4 | Got a barnacled rune of Zot
  7678 | D:13     | Found a gate to the Vaults.
  7685 | Vaults:1 | Entered Level 1 of the Vaults
  7696 | Vaults:1 | Reached skill level 10 in Dodging
  7840 | Vaults:1 | Found Gozag's Assorted Antiques.
  7842 | Vaults:1 | Found Gozag's Antique Armour Shop.
  7854 | Vaults:1 | Noticed a sphinx
  7866 | Vaults:1 | Found an opulent altar of Gozag.
  7870 | Vaults:1 | Killed a sphinx
  7898 | Vaults:1 | Reached skill level 23 in Axes
  7910 | Vaults:1 | Found Gozag's Assorted Antiques.
  8004 | Vaults:1 | Bought a glowing cloak for 1050 gold pieces
  8160 | Vaults:1 | Reached XP level 17. HP: 159/159 MP: 16/16
  8345 | Vaults:2 | Reached skill level 10 in Evocations
  8366 | Vaults:2 | Noticed Bai Suzhen
  8531 | Vaults:3 | Noticed Saint Roka
  8561 | Vaults:3 | Killed Saint Roka
  8582 | Vaults:3 | Noticed Sapher's ghost (adept DDGl)
  8664 | Vaults:2 | Killed Bai Suzhen
  8854 | Vaults:5 | Entered Level 5 of the Vaults
  8856 | Vaults:5 | Noticed a tentacled monstrosity
  8864 | Vaults:5 | Noticed a quicksilver dragon
  8865 | Vaults:5 | Killed a tentacled monstrosity
  8872 | Vaults:5 | Noticed a titan
  8881 | Vaults:5 | Killed a titan
  8885 | Vaults:5 | Noticed a tentacled monstrosity
  8891 | Vaults:5 | Killed a quicksilver dragon
  8894 | Vaults:5 | Killed a tentacled monstrosity
  8924 | Vaults:5 | Noticed a titan
  8926 | Vaults:5 | Gained mutation: You passively map a large area around you. [Deep Dwarf growth]
  8926 | Vaults:5 | Reached XP level 18. HP: 165/170 MP: 17/17
  8950 | Vaults:5 | Noticed a tentacled monstrosity
  9010 | Vaults:5 | Killed a tentacled monstrosity
  9238 | Vaults:5 | Noticed a lich
  9253 | Vaults:5 | Killed a lich
  9295 | Vaults:5 | Noticed a tentacled monstrosity
  9315 | Vaults:5 | Killed a tentacled monstrosity
  9417 | Vaults:5 | Reached XP level 19. HP: 180/180 MP: 19/19
  9476 | Vaults:5 | Reached skill level 24 in Axes
  9554 | Vaults:5 | Got a silver rune of Zot
  9684 | Vaults:5 | Gained mutation: You are weak. (Str -2) [a shining eye]
  9686 | Vaults:5 | Gained mutation: You can translocate small distances at will. [a shining eye]
  9697 | Vaults:5 | Reached skill level 15 in Armour
  9736 | Vaults:5 | Got a crude brass ring
  9738 | Vaults:5 | Identified the ring of Juosuz {rN++ MR+ MP+9 Dex-2} (You took it off a vault warden on level 5 of the Vaults)
  9741 | Vaults:5 | Found Kaiwuen's General Store.
  9750 | Vaults:5 | Bought a potion of resistance for 220 gold pieces
  9764 | Vaults:5 | Got a faintly humming chain mail
  9787 | Vaults:5 | Identified the +4 chain mail of the Thoughtful Seas {*Corrode Int+7 Stlth+} (You found it on level 5 of the Vaults)
 10244 | D:15     | Found a staircase to the Depths.
 10255 | Depths:1 | Entered Level 1 of the Depths
 10435 | Depths:3 | Found Ruaxtuc's Assorted Antiques.
 10438 | Depths:3 | Bought a scroll of magic mapping for 154 gold pieces
 10438 | Depths:3 | Bought a fine chain mail for 418 gold pieces
 10438 | Depths:3 | Bought 2 lumpy pink potions for 79 gold pieces
 10451 | Depths:3 | Identified the cursed +1 chain mail of Dishonour {rF+ Dex+3 Stlth+} (You bought it in a shop on level 3 of the Depths)
 10619 | Depths:5 | Entered Level 5 of the Depths
 10695 | Depths:5 | Noticed the Enchantress
 10794 | Depths:4 | Identified the Catalogue of the Curious Lies
 10833 | Depths:4 | Found a one-way gate to the infinite horrors of the Abyss.
 10945 | Depths:4 | Killed the Enchantress
 10945 | Depths:4 | Reached XP level 20. HP: 192/192 MP: 20/20
 11138 | Depths:5 | Reached skill level 15 in Dodging
 11163 | Depths:5 | Noticed a bone dragon
 11180 | Depths:5 | Killed a bone dragon
 11213 | Depths:5 | Found a gate to the Realm of Zot.
 11226 | Zot:1    | Entered Level 1 of the Realm of Zot
 11458 | Zot:1    | Noticed an orb of fire
 11459 | Zot:1    | Noticed an orb of fire
 11472 | Zot:1    | Gained mutation: You are frail. (-10% HP) [an orb of fire]
 11478 | Zot:1    | Gained mutation: You are very frail. (-20% HP) [an orb of fire]
 11484 | Zot:1    | Killed an orb of fire
 11484 | Zot:1    | Reached skill level 15 in Fighting
 11489 | Zot:1    | HP: 4/232 [orb of fire/bolt of fire (27)]
 11490 | Zot:1    | Killed from afar by an orb of fire

Skill      XL: |  1  2  3  4  5  6  7  8  9 10 11 12 13 14 15 16 17 18 19 20 |
---------------+-------------------------------------------------------------+-----
Axes           | 5 6 7 8 9 11 13 14 15 16 17 20 22 23 24 | 24.8
Fighting       | 2 3 5 6 7 8 9 10 11 12 13 14 15 | 15.0
Armour         | 2 5 7 9 11 12 13 14 15 16 | 16.6
Dodging        | 5 7 8 9 10 12 13 14 15 | 15.5
Invocations    | 3 |  3.3
Evocations     | 5 6 9 11 13 14 | 14.2
Throwing       | |  1.7

Action                   |  1- 3 |  4- 6 |  7- 9 | 10-12 | 13-15 | 16-18 | 19-21 || total
-------------------------+-------+-------+-------+-------+-------+-------+-------++-------
Melee: War axe           |    69 |   111 |   311 |   334 |       |       |       ||   825
       Battleaxe         |       |       |       |   260 |   277 |       |       ||   537
       Executioner's axe |       |       |       |       |   402 |   822 |   770 ||  1994
       Unarmed           |       |       |       |       |     7 |       |       ||     7
Throw: Throwing net      |     2 |     2 |       |     3 |     1 |       |       ||     8
Invok: Lesser Servant of |       |       |       |     6 |       |       |       ||     6
 Abil: Device Recharging |       |       |     4 |     3 |     1 |     2 |       ||    10
       Evoke Flight      |       |       |       |       |       |     1 |       ||     1
Evoke: Wand              |     1 |     3 |    31 |    24 |    17 |    11 |     6 ||    93
       Rod               |       |       |       |       |     4 |     2 |       ||     6
       Lamp of fire      |       |       |       |       |     1 |       |       ||     1
  Use: Scroll            |     2 |     9 |     1 |     8 |    15 |     9 |    10 ||    54
       Potion            |       |       |     3 |     3 |     9 |     5 |     3 ||    23
 Stab: Distracted        |       |       |       |     4 |     1 |       |     4 ||     9
       Held in net/web   |       |       |       |       |     2 |       |       ||     2
       Confused          |       |       |       |       |     1 |       |       ||     1
  Eat: Pizza             |     1 |       |       |       |       |     1 |       ||     2
       Beef jerky        |       |       |     6 |     2 |       |     1 |     1 ||    10
       Fruit             |       |       |       |     4 |       |       |     2 ||     6
       Royal jelly       |       |       |       |       |     1 |       |       ||     1
       Meat ration       |       |       |       |       |     2 |     1 |     1 ||     4
Armor: Ring mail         |    48 |       |       |       |       |       |       ||    48
       Leather armour    |     1 |       |       |       |       |       |       ||     1
       Scale mail        |       |    30 |    76 |       |       |       |       ||   106
       Plate armour      |       |       |    24 |   272 |   542 |   731 |   456 ||  2025
Dodge: Dodged            |    83 |    54 |   145 |   199 |   419 |   574 |   362 ||  1836
Block: Other             |     5 |    26 |    89 |    90 |   181 |   207 |   124 ||   722
       Reflection        |       |       |     2 |     1 |    29 |    21 |     5 ||    58
